 Dungeon Crawl Stone Soup version 0.27.1-33-g824d729ab1 (webtiles) character file.

Game seed: 3211585447220568387

165 alasdair19 the Covered (level 5, -4/47 HPs)
             Began as a Minotaur Fighter on Dec 11, 2021.
             Slain by Grinder (5 damage)
             ... on level 3 of the Dungeon.
             The game lasted 00:04:28 (2630 turns).

alasdair19 the Covered (Minotaur Fighter)           Turns: 2630, Time: 00:04:29

Health: -4/47      AC:  7    Str: 21    XL:     5   Next: 22%
Magic:  4/4        EV:  7    Int:  6    God:
Gold:   62         SH:  9    Dex:  9    Spells: 4/4 levels left

rFire    . . .     SeeInvis .   a - +0 long sword
rCold    . . .     Faith    .   c - +0 kite shield
rNeg     . . .     Spirit   .   b - +0 scale mail
rPois    +         Reflect  .   (helmet restricted)
rElec    .         Harm     .   (no cloak)
rCorr    .         Rampage  .   (no gloves)
Will     .....                  (no boots)
Stlth    ..........             (no amulet)
HPRegen  0.15/turn              f - ring of poison resistance
MPRegen  0.09/turn              (no ring)

@: no status effects
A: horns 2, retaliatory headbutt
a: no special abilities


You were on level 3 of the Dungeon.
You visited 1 branch of the dungeon, and saw 4 of its levels.

You collected 62 gold pieces.

Inventory:

Hand Weapons
 a - a +0 long sword (weapon)
Missiles
 h - 11 poisoned darts (quivered)
Armour
 b - a +0 scale mail (worn)
 c - a +0 kite shield (worn)
Jewellery
 f - a ring of poison resistance (left hand)
Scrolls
 e - a scroll of immolation {unknown}
 g - a scroll of identify
 i - a scroll of brand weapon {unknown}
 k - a scroll of amnesia {unknown}
 n - a scroll of blinking
 o - a scroll of enchant armour {unknown}
Potions
 d - a potion of might
 j - a potion of haste {unknown}
 l - a potion of mutation
 m - a potion of degeneration


   Skills:
 + Level 4.5 Fighting
 + Level 3.9 Long Blades
 * Level 1.7 Throwing
 + Level 4.5 Armour
 - Level 0.2 Dodging
 + Level 4.5 Shields


You had 4 spell levels left.
You didn't know any spells.
Your spell library was empty.

Dungeon Overview and Level Annotations

Branches:
Dungeon (4/15)
 Temple: D:4-7

Altars:

Portals:
Abyss: D:3

Annotations:
D:3 4 transporters, Grinder; diceflayer's ghost, amateur MiFi


Innate Abilities, Weirdness & Mutations

You have a pair of horns on your head.
You reflexively headbutt those who attack you in melee.


Message History

Aim: Grinder (52% to hit)
Okay, then.
Throw: 13 darts (poison)
Press: ? - help, Q - select action Shift-Dir - straight line, f/p - Grinder
Aim: Grinder (52% to hit)
You throw a poisoned dart. The poisoned dart hits Grinder.
The ball python hisses angrily.
Throw: 12 darts (poison)
Press: ? - help, Q - select action Shift-Dir - straight line, f/p - Grinder
Aim: Grinder (50% to hit)
You throw a poisoned dart.
The poisoned dart closely misses Grinder.
The poisoned dart closely misses the ball python.
Grinder gestures at you. Pain shoots through your body!
You block Grinder's attack.
You closely miss Grinder. Grinder hits you.
You writhe in agony.
The ball python barely misses you. You furiously retaliate!
You headbutt the ball python.
You kill the ball python!
The iguana barely misses you.
There is a stone staircase leading up here.
Grinder hits you but does no damage.
The iguana bites you but does no damage.
You climb upwards.
Level annotation: 4 transporters, diceflayer's ghost, amateur MiFi
There is a stone staircase leading down here.
You block the iguana's attack. Grinder completely misses you.
Grinder gestures at you. Pain shoots through your body!
* * * LOW HITPOINT WARNING * * *
Grinder hits you.
* * * LOW HITPOINT WARNING * * *
You writhe in agony.
* * * LOW HITPOINT WARNING * * *
You slash Grinder! Your headbutt misses Grinder.
Grinder is moderately wounded.
Grinder hits you.
You die...

#######.#.........#
####..............#
...#....#.#########
...#....#.#####
...###........# ...#
#.###.##.# ...#
#.###.##.# ...#
#.....##.###### ...#
#.....##.#.@..###########
####
#.....##.#5##.#.........#
#.....##.>........#####.#
#.....#####.#...#...###.#
#.....# #.#...#.......#
## #.....#
#.....#.#.##### .#
#.....# #####..<#.# .#
#.....# #####.# .#
#.....# #...#


You could see Grinder.

Vanquished Creatures
  Terence (D:2)
  An orc wizard (D:3)
  3 gnolls (D:2)
  2 adders (D:2)
  A dart slug (D:1)
  5 orcs (D:3)
  6 ball pythons
  4 bats
  3 endoplasms
  3 giant cockroaches
  7 goblins
  4 hobgoblins
  6 jackals (D:2)
  4 quokkas
  2 kobolds
  6 rats
58 creatures vanquished.

Vanquished Creatures (others)
  3 plants (D:2)
3 creatures vanquished.

Grand Total: 61 creatures vanquished

Notes
Turn   | Place    | Note
-------+----------+-------------------------------------------
     0 | D:1      | alasdair19 the Minotaur Fighter began the quest for the
                  | Orb.
     0 | D:1      | Reached XP level 1. HP: 19/19 MP: 0/0
   194 | D:1      | Found a faded altar of an unknown god.
   200 | D:1      | Reached XP level 2. HP: 27/27 MP: 1/1
  1120 | D:2      | Reached XP level 3. HP: 33/33 MP: 2/2
  1229 | D:2      | Reached skill level 1 in Throwing
  1229 | D:2      | Reached XP level 4. HP: 40/40 MP: 3/3
  1312 | D:2      | Noticed Terence
  1316 | D:2      | Killed Terence
  1790 | D:3      | Found a transporter.
  1808 | D:3      | Found a transporter.
  1815 | D:3      | Noticed a kobold demonologist
  2036 | D:3      | Noticed a small abomination
  2097 | D:3      | Reached XP level 5. HP: 31/47 MP: 4/4
  2433 | D:3      | Found a one-way gate to the infinite horrors of the Abyss.
  2433 | D:3      | Noticed diceflayer's ghost (amateur MiFi)
  2434 | D:3      | Found a transporter.
  2491 | D:3      | Found a transporter.
  2614 | D:4      | Noticed Grinder
  2615 | D:4      | Paralysed by Grinder for 2 turns
  2629 | D:3      | HP: 1/47 [Grinder (2)]
  2630 | D:3      | Slain by Grinder

Illustrated notes

Levels and vault maps discovered:
D:1:      dpeg_arrival_round_a, layout_loops_corners,
          hellmonk_ecumenical_altar_arch_garden
D:2:      layout_loops_ring, serial_forest, infiniplex_forest_lined_2,
          infiniplex_forest_join, infiniplex_forest_corner_1,
          infiniplex_forest_clump_long, infiniplex_forest_straight_3,
          hex_medium, uniq_terence
D:3:      gammafunk_wand_slinger, layout_basic, gammafunk_ghost_abyssal_escape
D:4:      wad_pebble_path, layout_rooms, temple_pool_b, uniq_grinder,
          uniq_robin, uniq_pikel, uniq_blork_the_orc

Skill      XL: |  1  2  3 |
---------------+----------+-----
Fighting       | 4 |  4.5
Shields        | 4 |  4.5
Armour         | 4 |  4.5
Long Blades    | 3 |  3.9
Throwing       | 1 |  1.7
Dodging        | |  0.2

Action                   |  1- 3 |  4- 6 || total
-------------------------+-------+-------++-------
Melee: Long sword        |    62 |    65 ||   127
       Headbutt          |    12 |    12 ||    24
Throw: Javelin           |     3 |     6 ||     9
       Dart              |       |     3 ||     3
  Use: Scroll            |       |     3 ||     3
       Potion            |       |     1 ||     1
Armor: Scale mail        |    22 |    36 ||    58
Dodge: Dodged            |    20 |    23 ||    43
Block: Kite shield       |    36 |    44 ||    80
       Rpst.: Long sword |     5 |     6 ||    11
